 Dungeon Crawl Stone Soup version 0.27-a0-1139-g28e009f8a6 (webtiles) character file.

Game seed: 1499742517683560784

619 HoaS the Cruncher (level 7, 0/40 HPs)
             Began as a Tengu Gladiator on May 7, 2021.
             Was a Follower of Okawaru.
             Killed by divine providence
             ... invoked by an orc priest
              (10 damage)
             ... on level 5 of the Dungeon.
             The game lasted 00:06:47 (4595 turns).

HoaS the Cruncher (Tengu Gladiator)                 Turns: 4595, Time: 00:06:48

Health: 0/40       AC:  6    Str: 16    XL:     7   Next: 46%
Magic:  10/10      EV: 12    Int:  9    God:    Okawaru [*.....]
Gold:   169        SH:  0    Dex: 15    Spells: 6/6 levels left

rFire    . . .     SeeInvis .   a - +0 quarterstaff (flame)
rCold    . . .     Faith    .   (shield currently unavailable)
rNeg     . . .     Spirit   .   i - +0 scale mail
rPois    .         Reflect  .   c - +0 hat
rElec    .         Harm     .   (no cloak)
rCorr    .         Rampage  .   (no gloves)
Will     +....                  (boots unavailable)
Stlth    ..........             (no amulet)
HPRegen  0.13/turn              r - ring of willpower
MPRegen  0.12/turn              (no ring)

@: flying quickly and evasively, quick
A: beak, talons 3, nimble flight
a: Renounce Religion, Heroism


You were on level 5 of the Dungeon.
You worshipped Okawaru.
Okawaru was aware of your devotion.
You visited 1 branch of the dungeon, and saw 5 of its levels.

You collected 169 gold pieces.

Inventory:

Hand Weapons
 a - a +0 quarterstaff of flaming (weapon)
Missiles
 d - 3 throwing nets (quivered)
 j - 8 curare-tipped darts
 l - 61 bolts
 m - 7 poisoned darts
 n - 34 arrows
Armour
 c - a +0 hat (worn)
 e - a +0 plate armour
 i - a +0 scale mail (worn)
Jewellery
 r - a ring of willpower (left hand)
Wands
 t - a wand of flame (17)
Scrolls
 f - 4 scrolls of teleportation
 o - a scroll of brand weapon
Potions
 b - a potion of resistance {unknown}
 g - 2 potions of lignification
 h - a potion of flight
 k - a potion of heal wounds
 p - a potion of ambrosia


   Skills:
 - Level 2.0 Fighting
 * Level 8.4 Staves
 - Level 2.0 Throwing
 - Level 3.2 Dodging
 + Level 2.8 Invocations


You had 6 spell levels left.
You didn't know any spells.
Your spell library contained the following spells:

 Spells                   Type           Power      Damage    Failure   Level
 Animate Skeleton         Necr           0%         N/A       83%         1
 Apportation              Tloc           0%         N/A       83%         1
 Corona                   Hex            0%         N/A       83%         1
 Summon Small Mammal      Summ           0%         N/A       83%         1


Dungeon Overview and Level Annotations

Branches:
Dungeon (5/15)
 Temple: D:4-7

Altars:
Elyvilon
Makhleb
Okawaru
Uskayaw
The Shining One


Innate Abilities, Weirdness & Mutations

You have a beak for a mouth.
You have claws for feet.
Your magical nature lets you fly swiftly and evasively.


Message History

The orc is heavily wounded.
The orc closely misses you.
You closely miss the orc.
The orc is heavily wounded.
The orc barely misses you.
The orc priest casts a cantrip, but nothing happens.
The orc hits you with a +0 club.
You closely miss the orc. You claw the orc.
You kill the orc!
Okawaru accepts your kill. The orc barely misses you.
The orc priest casts a cantrip, but nothing happens.
You hit the orc. You burn the orc. You claw the orc.
You kill the orc!
Okawaru accepts your kill. The orc hits you but does no damage.
The orc priest casts a cantrip, but nothing happens.
The orc barely misses you. The orc priest barely misses you.
Items here: )) [ †.
Your scale mail prevents you from hitting the orc priest.
The orc priest hits you with a +0 short sword.
The orc barely misses you.
The orc priest invokes the aid of Beogh against you.
You resist with some effort.
You hit the orc priest. You burn the orc priest.
You claw the orc priest, but do no damage.
The orc priest is lightly wounded.
The orc priest closely misses you. The orc hits you with a +0 trident.
The orc priest calls upon Beogh to heal the orc priest.
The orc priest's wounds heal themselves!
You barely miss the orc priest. The orc priest closely misses you.
The orc closely misses you.
You hit the orc priest. You burn the orc priest. You claw the orc priest.
You peck the orc priest, but do no damage.
The orc priest is severely wounded.
The orc priest hits you with a +0 dagger.
* * * LOW HITPOINT WARNING * * *
The orc priest invokes the aid of Beogh against you.
Beogh smites you!
You die...

.##...........#..#.#
..#........... o.o.##
..###.......#.# ....# .#
............._. ...+##+.#
........##..#.####.......#
..[......#......##.......#
....÷#...#......##..######
###..#...#......#o..#
#..............#@o.##
......##...##..#o..#
...<### ##.........#
....## #......#.###
.....#####.....###
...>...##......#
..........#...##
..........#.#.#
............###


You could see 2 orc priests and an orc.

Vanquished Creatures
  Edmund (D:4)
  A black bear (D:5)
  A scorpion (D:5)
  A water moccasin skeleton (D:5)
  2 hounds (D:4)
  2 orc priests
  An iguana (D:5)
  An orc wizard (D:3)
  A hound skeleton (D:4)
  A gnoll (D:3)
  3 adders
  A shadow imp (D:5)
  A white imp (D:5)
  An adder zombie (D:5)
  2 dart slugs
  9 orcs
  4 ball pythons
  7 endoplasms
  5 giant cockroaches
  4 goblins
  2 hobgoblins (D:4)
  7 jackals
  3 quokkas
  2 frilled lizards (D:1)
  8 kobolds
  3 rats
74 creatures vanquished.

Notes
Turn   | Place    | Note
-------+----------+-------------------------------------------
     0 | D:1      | HoaS the Tengu Gladiator began the quest for the Orb.
     0 | D:1      | Reached XP level 1. HP: 12/12 MP: 2/2
   283 | D:1      | Found a faded altar of an unknown god.
   526 | D:1      | Reached XP level 2. HP: 17/17 MP: 3/3
   620 | D:1      | Reached skill level 4 in Staves
  1160 | D:2      | Reached XP level 3. HP: 8/21 MP: 4/4
  2120 | D:3      | Found a hide-covered altar of Uskayaw.
  2250 | D:3      | Found a white marble altar of Elyvilon.
  2276 | D:3      | Found a burning altar of Makhleb.
  2341 | D:3      | Reached skill level 5 in Staves
  2366 | D:3      | Reached XP level 4. HP: 11/26 MP: 5/5
  2412 | D:3      | Reached skill level 6 in Staves
  2600 | D:3      | Gained mutation: Your magical nature lets you fly swiftly
                  | and evasively. [Tengu growth]
  2600 | D:3      | Reached XP level 5. HP: 30/30 MP: 6/6
  2892 | D:3      | Found an iron altar of Okawaru.
  2935 | D:3      | Became a worshipper of Warmaster Okawaru
  3031 | D:4      | Noticed Edmund
  3041 | D:4      | Killed Edmund
  3042 | D:4      | Reached skill level 7 in Staves
  3042 | D:4      | Reached skill level 1 in Invocations
  3042 | D:4      | Reached XP level 6. HP: 13/35 MP: 6/8
  4034 | D:5      | Entered Level 5 of the Dungeon
  4080 | D:5      | Reached * piety under Okawaru
  4227 | D:5      | Reached XP level 7. HP: 26/40 MP: 9/9
  4311 | D:5      | Found a glowing golden altar of the Shining One.
  4332 | D:5      | Reached skill level 8 in Staves
  4595 | D:5      | Killed from afar by an orc priest

Illustrated notes

Levels and vault maps discovered:
D:1:      minmay_arrival_split_and_join, layout_loops_corners,
          shapermc_ecumenical_altar_venn
D:2:      layout_loops_cross
D:3:      layout_basic, lemuel_round_altar, nicolae_uskayaw_dance_hall,
          lemuel_crystal_altar, okawaru_altar_gauntlet_db
D:4:      layout_basic, minmay_misc_feat_square, uniq_edmund
D:5:      layout_cave_pools, lemuel_crystal_altar, gup_sewer_entry_bowl

Skill      XL: |  1  2  3  4  5  6  7 |
---------------+----------------------+-----
Staves         | 4 5 6 7 8 |  8.4
Invocations    | 1 2 |  2.8
Fighting       | |  2.0
Throwing       | |  2.0
Dodging        | |  3.2

Action                   |  1- 3 |  4- 6 |  7- 9 || total
-------------------------+-------+-------+-------++-------
Melee: Quarterstaff      |    62 |    87 |    37 ||   186
       Kick              |     5 |    24 |    14 ||    43
       Peck              |     2 |    18 |     3 ||    23
  Use: Scroll            |     6 |     6 |       ||    12
       Potion            |       |     1 |     1 ||     2
Armor: Leather armour    |     3 |       |       ||     3
       Scale mail        |    28 |    28 |    10 ||    66
Dodge: Dodged            |    23 |    46 |    30 ||    99

Table legend: (Time is in decaauts)
 A = Elapsed time spent in this place.
 B = Non-inter-level travel time spent in this place.
 C = Inter-level travel time spent in this place.
 D = Time resting spent in this place.
 E = Time spent auto-exploring this place.
 F = Levels seen in this place.
 G = Mean time per level.
                   A        B        C        D        E       F      G
               +--------+--------+--------+--------+--------+-----+--------+
         Total |   4477 |   4191 |    286 |   1166 |   2496 |   5 |  895.4 |
       Dungeon |   4477 |   4191 |    286 |   1166 |   2496 |   5 |  895.4 |
               +--------+--------+--------+--------+--------+-----+--------+

Top non-repeatable levels by time:
     D:1: 1303 daAuts
     D:3: 1022 daAuts
     D:4: 980 daAuts
     D:2: 626 daAuts
     D:5: 545 daAuts
